 Dungeon Crawl Stone Soup version 0.17.1-3-g152610e (webtiles) character file.

9783 Jerry the Fortune-Teller (level 11, -19/81 HPs)
             Began as an Octopode Artificer on Mar 30, 2016.
             Was a Believer of Nemelex Xobeh.
             Killed themself with a bounced orb of electricity (30 damage)
             ... on level 1 of the Orcish Mines.
             The game lasted 01:46:55 (14707 turns).

Jerry the Fortune-Teller (Octopode Artificer)      Turns: 14707, Time: 01:47:07

Health: -19/81     AC:  1    Str: 11    XL:     11   Next: 51%
Magic:  0/19       EV: 19    Int: 14    God:    Nemelex Xobeh [**....]
Gold:   436        SH:  0    Dex: 16    Spells: 0 memorised, 10 levels left

rFire  + . .     SeeInvis .     z - +1 dagger (speed)
rCold  + . .     Clarity  .     (no shield)
rNeg   . . .     SustAt   .     (helmet restricted)
rPois  .         Gourm    .     k - amulet of guardian spirit
rElec  .         Spirit   +     h - ring of protection from cold
rCorr  .         Warding  .     G - ring of protection from fire
rMut   .         Stasis   .     (no ring)
MR     .....                    (no ring)
Stlth  ++++......               (no ring)
                                (no ring)
                                (no ring)
                                (no ring)

@: not resistant to hostile enchantments, stealthy
A: almost no armour, amphibious, 8 rings, constrict 8, camouflage 1, gelatinous
body 1
a: Renounce Religion


You were on level 1 of the Orcish Mines.
You worshipped Nemelex Xobeh.
Nemelex Xobeh was pleased with you.
You were not hungry.

You visited 3 branches of the dungeon, and saw 13 of its levels.

You collected 656 gold pieces.
You spent 220 gold pieces at shops.

Inventory:

Hand Weapons
 j - a cursed -1 flail
 v - a +1 dire flail
 z - a +1 dagger of speed (weapon)
 D - a +2 dagger of protection
 H - a +3 quarterstaff of chaos
Jewellery
 h - a ring of protection from cold (left tentacle)
 k - an amulet of guardian spirit (around mantle)
 G - a ring of protection from fire (right tentacle)
Wands
 b - a wand of flame (0)
 c - a wand of enslavement (2)
 d - a wand of random effects (1)
 r - a wand of confusion (21)
 E - a wand of slowing (24)
 J - a wand of lightning (3)
Scrolls
 m - 2 scrolls of fear
 o - 3 scrolls of fog
 w - a scroll of blinking
 x - 3 scrolls of enchant armour
 K - a scroll of identify
Potions
 f - a potion of heal wounds {unknown}
 i - a potion of invisibility {unknown}
 n - 2 potions of degeneration {unknown}
 p - 2 potions of resistance {unknown}
 q - 2 potions of mutation {unknown}
 s - 2 potions of brilliance
 t - a potion of lignification {unknown}
 u - 3 potions of curing
 A - 4 potions of flight
 B - a potion of haste {unknown}
 I - a potion of magic {unknown}
 N - a potion of agility
Books
 a - a book of Burglary

   Spells                             Type                      Level
   a - Swiftness                      Charms/Air                   2
   b - Passwall                       Transmutation/Earth          3
   c - Passage of Golubria            Translocation                4
   d - Lee's Rapid Deconstruction     Earth                        5
   e - Darkness                       Hexes                        6
   f - Invisibility                   Hexes                        6
 F - a book of Unlife

   Spells                             Type                      Level
   a - Recall                         Summoning/Translocation      3
   b - Animate Dead                   Necromancy                   4
   c - Control Undead                 Necromancy                   4
   d - Cigotuvi's Embrace             Necromancy                   5
   e - Death Channel                  Necromancy                   6
   f - Simulacrum                     Ice/Necromancy               6
Miscellaneous
 y - a disc of storms
Comestibles
 e - 10 bread rations
 g - 7 meat rations
 l - 4 beef jerkies
 C - a chunk of flesh
 L - 5 slices of pizza


   Skills:
 + Level 10.1 Fighting
 - Level 1.0 Short Blades
 + Level 10.3 Dodging
 - Level 5.0 Stealth
 + Level 11.3 Evocations


You had 10 spell levels left.
You didn't know any spells.

Dungeon Overview and Level Annotations

Branches:
Dungeon (10/15)            Temple (1/1) D:4             Orc (2/4) D:10
   Lair: D:8-11

Altars:
Ashenzari
Cheibriados
Dithmenos
Elyvilon
Fedhas
Gozag
Kikubaaqudgha
Makhleb
Nemelex Xobeh
Okawaru
Qazlal
Ru
Sif Muna
Trog
Vehumet
Xom
Yredelemnul
Zin
The Shining One
Beogh

Shops:
D:7 }   Orc:1 (


Innate Abilities, Weirdness & Mutations

You cannot wear most types of armour.
You are amphibious.
You can wear up to eight rings at the same time.
You can use your tentacles to constrict eight enemies at once.
Your skin changes colour to match your surroundings (Stealth).
Your rubbery body absorbs attacks (AC +1).


Message History

The orc warrior closely misses you.
Evoke which item? (* to show all) (? for menu, Esc to quit)
The disc glows for a moment, then fades.
The orc priest hits you with a hand axe.
The orc closely misses you.
Evoke which item? (* to show all) (? for menu, Esc to quit)
The disc erupts in an explosion of electricity!
The orb of electricity explodes!
The orb of electricity engulfs the orc.
You kill the orc!
The orb of electricity engulfs the orc.
You kill the orc!
The orb of electricity engulfs the orc.
You kill the orc!
The orb of electricity engulfs the orc priest.
You kill the orc priest!
The orb of electricity engulfs you!
* * * LOW HITPOINT WARNING * * *
The orb of electricity explodes!
The orb of electricity engulfs you!
You die...
Your body glows with a rainbow of weird colours and disappears.

#......#.#.......#........#
##.....#.#........#.......#
#......#>#.#.......#......#
#...##.#_#..#............##
##.###.###.#.........[).>.#
### #.....##.#.........)##
###########..........#
##.##o#..........#
#....)@..........#
##.#.[.)........##
###.............#
#...).........##
#....#.........#
##.####........#
###.####........##
##....##..........#
#......##.#.......#


You could see an orc warrior.

Vanquished Creatures
  Harold (D:10)
  The ghost of jkyoghurt the Nimble, a novice OpAs (D:9)
  A hill giant (D:10)
  Grinder (D:4)
  A two-headed ogre (D:8)
  A deep elf mage (D:9)
  A hippogriff (D:10)
  11 yaks
  A human (D:8)
  A steam dragon (D:7)
  2 orc warriors
  3 ice beasts
  4 black bears
  3 phantoms
  5 ogres
  A necrophage (D:10)
  2 centaurs
  6 giant frogs
  A big kobold (D:8)
  5 scorpions
  2 wights (D:7)
  3 jellies
  An electric eel (D:9)
  4 crimson imps
  9 hounds
  Crazy Yiuf (D:6)
  2 iguanas
  6 orc priests
  8 orc wizards
  5 worker ants
  4 sheep (D:8)
  A hound zombie (D:9)
  Robin (D:4)
  8 adders
  7 gnolls
  3 worker ant zombies
  A shadow imp (D:6)
  An ooze (D:2)
  3 adder skeletons
  A worm (D:6)
  8 giant geckos
  75 orcs
  4 giant cockroaches
  14 goblins
  13 hobgoblins
  20 jackals
  3 quokkas
  2 ball pythons
  13 bats
  2 giant gecko skeletons (D:4)
  A giant gecko zombie (D:4)
  2 giant newts
  9 kobolds
  11 rats
300 creatures vanquished.

Vanquished Creatures (collateral kills)
  A hill giant (D:10)
  Joseph (D:7)
  5 yaks
  A wraith (D:10)
  A hippogriff (D:10)
  A steam dragon (D:7)
  4 orc warriors
  2 phantoms
  3 ogres
  A sky beast (D:8)
  A hound (D:3)
  A centaur skeleton (D:7)
  5 orc priests
  4 orc wizards
  A gnoll (D:3)
  2 adders
  28 orcs
  2 goblins
  A jackal (D:10)
65 creatures vanquished.

Vanquished Creatures (others)
  2 two-headed ogres (D:8)
  A phantom (D:10)
  A wasp (D:8)
  2 centaurs
  2 wights (D:7)
  An orc wizard (D:7)
  A gnoll (D:3)
  An adder (D:8)
  An orc (D:8)
  A kobold (D:2)
13 creatures vanquished.

Grand Total: 378 creatures vanquished

Notes
Turn   | Place    | Note
--------------------------------------------------------------
     0 | D:1      | Jerry the Octopode Artificer began the quest for the Orb.
     0 | D:1      | Reached XP level 1. HP: 13/13 MP: 3/3
   111 | D:1      | Reached XP level 2. HP: 16/18 MP: 4/4
   694 | D:2      | Reached XP level 3. HP: 23/23 MP: 5/5
  1080 | D:2      | Reached skill level 4 in Evocations
  1171 | D:2      | Reached XP level 4. HP: 19/29 MP: 7/7
  1769 | D:3      | Found a faded altar to an unknown god.
  2011 | D:3      | Found a radiant altar of Vehumet.
  2025 | D:3      | Reached XP level 5. HP: 26/34 MP: 5/8
  2873 | D:4      | Found a staircase to the Ecumenical Temple.
  2873 | D:4      | Noticed Grinder
  2881 | Temple   | Entered the Ecumenical Temple
  2953 | D:4      | Killed Grinder
  2953 | D:4      | Reached XP level 6. HP: 40/42 MP: 9/9
  3056 | D:4      | Noticed Robin
  3065 | D:4      | Killed Robin
  3166 | D:4      | Reached skill level 5 in Evocations
  3204 | D:4      | Reached XP level 7. HP: 46/46 MP: 10/10
  3439 | D:3      | Reached skill level 5 in Stealth
  3714 | D:3      | Found a shattered altar of Ashenzari.
  3772 | D:4      | Noticed an ogre
  3787 | D:4      | Killed an ogre
  4123 | D:5      | Entered Level 5 of the Dungeon
  4678 | D:5      | Found a shimmering altar of Xom.
  4680 | D:5      | Found a sparkling altar of Nemelex Xobeh.
  4713 | D:5      | Became a worshipper of Nemelex Xobeh the Trickster
  5015 | D:5      | Reached skill level 5 in Dodging
  5015 | D:5      | Reached skill level 6 in Evocations
  5015 | D:5      | Reached XP level 8. HP: 54/54 MP: 12/12
  5082 | D:6      | Received a gift from Nemelex Xobeh
  5083 | D:6      | Found a snail-covered altar of Cheibriados.
  5091 | D:6      | Reached skill level 5 in Fighting
  5602 | D:6      | Found a bloodstained altar of Trog.
  5621 | D:6      | Reached skill level 7 in Evocations
  5892 | D:6      | Reached XP level 9. HP: 20/62 MP: 6/14
  6170 | D:6      | Noticed Crazy Yiuf
  6173 | D:6      | Killed Crazy Yiuf
  7473 | D:7      | Found Rogokk's Gadget Emporium.
  7481 | D:7      | Bought a disc of storms for 220 gold pieces
  7755 | D:7      | Reached skill level 8 in Evocations
  8174 | D:7      | Received a gift from Nemelex Xobeh
  8196 | D:7      | Reached * piety under Nemelex Xobeh
  8376 | D:7      | Found a shattered altar of Ashenzari.
  8460 | D:7      | Noticed Joseph
  8470 | D:7      | Killed Joseph
  9340 | D:8      | Reached skill level 9 in Evocations
  9545 | D:8      | Reached XP level 10. HP: 43/72 MP: 10/16
  9739 | D:8      | Received a gift from Nemelex Xobeh
 11080 | D:9      | Noticed jkyoghurt's ghost (novice OpAs)
 11089 | D:9      | Killed jkyoghurt's ghost
 11300 | D:9      | Reached skill level 10 in Evocations
 11581 | D:9      | Received a gift from Nemelex Xobeh
 11591 | D:9      | Reached ** piety under Nemelex Xobeh
 11797 | D:9      | Reached XP level 11. HP: 30/80 MP: 9/18
 12064 | D:10     | Entered Level 10 of the Dungeon
 12096 | D:10     | Found a staircase to the Orcish Mines.
 12920 | D:10     | Received a gift from Nemelex Xobeh
 13013 | D:10     | Noticed a hill giant
 13043 | D:10     | Killed a hill giant
 13043 | D:10     | Reached skill level 10 in Dodging
 13043 | D:10     | Reached skill level 11 in Evocations
 13184 | D:10     | Noticed a hill giant
 13192 | D:10     | Killed a hill giant
 13390 | D:10     | Noticed Harold
 13401 | D:10     | Killed Harold
 13401 | D:10     | Reached skill level 10 in Fighting
 13645 | Orc:1    | Entered Level 1 of the Orcish Mines
 13645 | Orc:1    | Found Vyodiush's Weapon Boutique.
 14321 | Orc:1    | Found a roughly hewn altar of Beogh.
 14707 | Orc:1    | Killed themself with a bounced orb of electricity

Action                   |  1- 3 |  4- 6 |  7- 9 | 10-12 || total
-------------------------+-------+-------+-------+-------++-------
Melee: Short sword       |    66 |    27 |       |       ||    93
       Falchion          |       |    66 |       |       ||    66
       Dagger            |       |     6 |   189 |   319 ||   514
       Whip              |       |       |   192 |   108 ||   300
Evoke: Wand              |     4 |     9 |    30 |    15 ||    58
       Deck              |       |       |    22 |    24 ||    46
       Disc of storms    |       |       |     8 |    19 ||    27
  Use: Scroll            |     2 |       |    13 |     2 ||    17
       Potion            |       |       |       |     1 ||     1
 Stab: Sleeping          |     9 |     8 |     7 |    11 ||    35
       Confused          |     1 |       |       |     5 ||     6
       Paralysed         |       |     7 |       |       ||     7
       Distracted        |       |       |     1 |       ||     1
  Eat: Chunk             |     1 |     6 |    20 |    13 ||    40
       Fruit             |       |       |     1 |       ||     1
       Pizza             |       |       |       |     2 ||     2
